cohdb
Replays
Latest Replays
All Replays
Popular Replays
Top Player Replays
Match Explorer
How It Works
Community
CoH3 Stats
Reddit
Sign in to upload your games and track your stats! →
Sign in with Steam
Match 45485417
Unlisted
Match 45485417
Overview
Messages
Build Orders
End
Panzergrenadier Squad
Panzergrenadier Squad
250 Light Carrier
Selects Battlefield Espionage Battlegroup
Selects Battlefield Espionage Battlegroup
Construct Light Support Kompanie
MG34 Team
2.5-tonne Medical Truck
Fire Support Elements
Selects Intel Disruption Beacon
Panzerjäger Mechanized Group
Selects Plunder
Flakvierling Half-track
Veteran Squad Leaders
Selects Firestorm
Firestorm
Firestorm
2.5-tonne Medical Truck
Panzerjäger Mechanized Group
Firestorm
Selects 250/3 Funkpanzerwagen
Firestorm
Construct Panzerarmee Kommand
Selects Advanced Ambush Training
Walking Stuka Rocket Launcher
Panzerjäger Mechanized Group
Firestorm
Panzer III L Medium Tank
Panzer III L Medium Tank
Firestorm
Firestorm
Armored Reserves
Tungsten Core Ammunition
StuG Assault Group
Selects Operation Skorpion
Firestorm
Emergency Repair Kits
AI Takeover
PartTime_RebeL
这游戏太难了
dj pauly d gtl
.Scarlet.
DirtyDan
Gringo_Killah1
0
0
Comments
sign in to comment!
No comments posted yet!